 Dungeon Sprint DCSS version 0.21.1-1-g345015f (webtiles) character file.

15500000 doot the Conqueror (level 27, -1/273 HPs)
             Began as a Ghoul Warper on June 7, 2018.
             Was the Champion of Makhleb.
             Killed by the air
             ... invoked by The Meatlord
              (96 damage)
             ... in the Dungeon (Sprint VIII: "Arena of Blood").
             The game lasted 00:04:53 (155 turns).

doot the Conqueror (Ghoul Warper)                    Turns: 155, Time: 00:04:54

Health: -1/273     AC:  6    Str: 19    XL:     27
Magic:  41/53      EV: 32    Int:  8    God:    Makhleb [******]
Gold:   0          SH:  0    Dex: 17    Spells: 80/80 levels left

rFire    . . .     SeeInvis .   k - +∞ Axe of Woe
rCold    + . .     Gourm    .   (shield currently unavailable)
rNeg     + + +     Faith    .   a - +0 leather armour
rPois    ∞         Spirit   .   (no helmet)
rElec    .         Reflect  .   (no cloak)
rCorr    .         Harm     .   (no gloves)
MR       ++...     NoTele   +   (no boots)
Stlth    +++++++++.             (no amulet)
HPRegen  0.00/turn              (no ring)
MPRegen  0.33/turn              (no ring)

@: rotting, hasted and slowed
A: rotting body, claws 1, carnivore, cold resistance 1, negative energy
resistance 3, inhibited regeneration, torment resistance, unbreathing
a: Minor Destruction, Lesser Servant of Makhleb, Major Destruction, Greater
Servant of Makhleb, Renounce Religion


You were in the Dungeon.
You worshipped Makhleb.
Makhleb was exalted by your worship.
You were not hungry.

You visited 1 branch

Inventory:

Hand Weapons
 k - the +∞ Axe of Woe (weapon)
   (You found it in the Dungeon)
Missiles
 d - 5 tomahawks of dispersal (quivered)
Armour
 a - a +0 leather armour (worn)
Scrolls
 c - 2 scrolls of blinking
Potions
 e - a potion of curing
 g - a potion of heal wounds
 i - 2 potions of magic
 j - a potion of berserk rage
Books
 b - a book of Spatial Translocations

   Spells                             Type                      Level
   a - Blink                          Translocation                2
   b - Shroud of Golubria             Charms/Translocation         2
   c - Lesser Beckoning               Translocation                3
   d - Gell's Gravitas                Translocation                3
   e - Teleport Other                 Translocation                3
   f - Passage of Golubria            Translocation                4
Comestibles
 f - a ration


   Skills:
 O Level 27 Fighting
 O Level 27 Axes
 O Level 27 Throwing
 O Level 27 Armour
 O Level 27 Dodging
 O Level 27 Stealth
 O Level 27 Unarmed Combat
 O Level 27 Spellcasting
   Level 2.6 Translocations
 O Level 27 Invocations


You had 80 spell levels left.
You didn't know any spells.

Dungeon Overview and Level Annotations

Branches:
Dungeon (1/1)

Altars:
Makhleb

Annotations:
D The Captor, The Meatlord


Innate Abilities, Weirdness & Mutations

Your body is rotting away.
You thrive on raw meat.
You are immune to poison.
You have sharp fingernails.
You are carnivorous and can eat meat at any time.
Your flesh is cold resistant. (rC+)
You are immune to negative energy. (rN+++)
You do not regenerate when monsters are visible.
You are immune to unholy pain and torment.
You can survive without breathing.


Message History

You chop the large abomination into pieces.
You destroy the large abomination!
Makhleb accepts your kill.
You hit the Tzitzimitl but do no damage.
You slaughter the Tzitzimitl joyfully.
You kill the Tzitzimitl!
You hit the Tzitzimitl but do no damage.
You butcher the Tzitzimitl messily.
You kill the Tzitzimitl!
You slash the Tzitzimitl!
You cleave the Tzitzimitl in twain.
You kill the Tzitzimitl!
You hear a shout!
The Tzitzimitl dissolves into shadows!
The meat beast is engulfed in poison gas.
The meat beast looks as sick as possible!
The meat beast shouts, "Quail, thou frothy clapper-clawed vassal!"
The Captor is engulfed in poison gas.
The Captor looks as sick as possible!
The Meatlord waves its arms in wide circles.
The air twists around and strikes you!
You die...

....... .. ........p
#......o# .p #...
.D.# . .%.###.1§
.z§###....
.Mo...§o###.SS.p....
#...Mo§§2&VpWWO§....
....o#V§2)O#.......
... #_@@)X#.......
.....#))2)L#......#
#....%)))_Xo)%......
%.....%o###)...%....
...###....§).###....
.. #.......# ...
#.D.....# ..........
...........


You could see The Meatlord, an accursed, a Tzitzimitl, 2 meat beasts, a tyrant,
an eight-headed meat hydra, 2 destroyers, 2 scourges, 3 fleshlords, a sculptor
of flesh, 2 large abominations, 2 dreads, The Captor, 2 meat berserkers, 6 bags
of meat and a friendly blizzard demon.

Vanquished Creatures
  7 hell knights (D)
  7 hell beasts (D)
  3 greater mummies (D)
  A great orb of eyes (D)
  5 wraiths (D)
  17 vampire knights (D)
  43 ogres (D)
  9 two-headed ogres (D)
  9 liches (D)
  6 hydras (D)
  53 orcs (D)
  5 phantoms (D)
  3 skeletal warriors (D)
  6 sea snakes (D)
  A small abomination (D)
  7 large abominations (D)
  2 crawling corpses (D)
184 creatures vanquished.

Vanquished Creatures (others)
  4 crawling corpses (D)
4 creatures vanquished.

Grand Total: 188 creatures vanquished

Notes
Turn   | Place    | Note
-------+----------+-------------------------------------------
     0 | D        | Found the +∞ Axe of Woe
     0 | D        | doot the Ghoul Warper began the quest for the Orb.
     0 | D        | Reached XP level 1. HP: 17/17 MP: 2/2
     3 | D        | Noticed a bag of meat
     3 | D        | Noticed a bag of meat
     4 | D        | Became a worshipper of Makhleb the Destroyer
     5 | D        | Noticed a meat berserker
     5 | D        | Noticed a bag of meat
     5 | D        | Noticed a bag of meat
     6 | D        | Noticed a bag of meat
     7 | D        | Noticed a bag of meat
     7 | D        | Killed a bag of meat
     7 | D        | Reached XP level 2. HP: 47/47 MP: 2/15
     7 | D        | Reached XP level 3. HP: 53/53 MP: 2/16
     7 | D        | Reached XP level 4. HP: 61/61 MP: 2/18
     7 | D        | Reached XP level 5. HP: 68/68 MP: 2/19
     7 | D        | Reached XP level 6. HP: 75/75 MP: 2/21
     7 | D        | Reached XP level 7. HP: 82/82 MP: 2/22
     7 | D        | Reached XP level 8. HP: 90/90 MP: 2/24
     7 | D        | Reached XP level 9. HP: 96/96 MP: 2/25
     7 | D        | Reached XP level 10. HP: 104/104 MP: 2/26
     7 | D        | Reached XP level 11. HP: 111/111 MP: 2/27
     7 | D        | Reached XP level 12. HP: 118/118 MP: 2/28
     8 | D        | Noticed a bag of meat
     9 | D        | Killed a meat berserker
     9 | D        | Reached * piety under Makhleb
     9 | D        | Reached skill level 5 in Throwing
     9 | D        | Reached skill level 15 in Dodging
     9 | D        | Reached XP level 13. HP: 134/134 MP: 2/32
     9 | D        | Reached XP level 14. HP: 143/143 MP: 2/33
    10 | D        | Killed a bag of meat
    10 | D        | Killed a bag of meat
    10 | D        | Reached XP level 15. HP: 154/155 MP: 3/36
    10 | D        | Reached ** piety under Makhleb
    11 | D        | Reached XP level 16. HP: 168/169 MP: 3/38
    12 | D        | Reached *** piety under Makhleb
    12 | D        | Reached skill level 15 in Axes
    12 | D        | Reached XP level 17. HP: 182/182 MP: 3/40
    15 | D        | Noticed a large bag of meat
    17 | D        | Noticed a large bag of meat
    17 | D        | Noticed a meat berserker
    18 | D        | Noticed a meat berserker
    21 | D        | Noticed a large bag of meat
    21 | D        | Noticed a large bag of meat
    22 | D        | Noticed a meat berserker
    22 | D        | Killed a meat berserker
    22 | D        | Reached **** piety under Makhleb
    22 | D        | Reached XP level 18. HP: 162/196 MP: 6/43
    22 | D        | Killed a meat berserker
    22 | D        | Reached skill level 27 in Fighting
    22 | D        | Killed a large bag of meat
    22 | D        | Reached skill level 10 in Armour
    22 | D        | Reached skill level 27 in Unarmed Combat
    22 | D        | Reached XP level 19. HP: 207/207 MP: 6/45
    22 | D        | Killed a large bag of meat
    23 | D        | Noticed a destroyer
    25 | D        | Killed a destroyer
    25 | D        | Reached ***** piety under Makhleb
    25 | D        | Reached skill level 27 in Axes
    25 | D        | Reached skill level 27 in Dodging
    25 | D        | Reached skill level 27 in Spellcasting
    25 | D        | Reached XP level 20. HP: 216/216 MP: 7/50
    27 | D        | Noticed a meat berserker
    29 | D        | Noticed a meat berserker
    29 | D        | Noticed a destroyer
    29 | D        | Killed a meat berserker
    29 | D        | Reached XP level 21. HP: 224/224 MP: 8/51
    29 | D        | Reached skill level 27 in Armour
    31 | D        | Killed a meat berserker
    31 | D        | Reached skill level 15 in Stealth
    31 | D        | Reached skill level 15 in Throwing
    33 | D        | Noticed a meat berserker
    34 | D        | Noticed a meat berserker
    34 | D        | Reached ****** piety under Makhleb
    34 | D        | Reached XP level 22. HP: 233/233 MP: 9/52
    35 | D        | Killed a destroyer
    35 | D        | Reached skill level 27 in Stealth
    35 | D        | Reached XP level 23. HP: 240/240 MP: 10/53
    35 | D        | Reached skill level 27 in Invocations
    36 | D        | Noticed a large bag of meat
    36 | D        | Noticed a large bag of meat
    37 | D        | Noticed a large bag of meat
    38 | D        | Reached skill level 27 in Throwing
    40 | D        | Reached XP level 24. HP: 249/249 MP: 11/53
    41 | D        | Noticed a destroyer
    43 | D        | Noticed a large bag of meat
    43 | D        | Noticed a destroyer
    43 | D        | Killed a large bag of meat
    43 | D        | Killed a large bag of meat
    44 | D        | Reached XP level 25. HP: 244/257 MP: 12/53
    44 | D        | Killed a destroyer
    46 | D        | Killed a large bag of meat
    47 | D        | Noticed a destroyer
    48 | D        | Noticed a destroyer
    48 | D        | Reached XP level 26. HP: 266/266 MP: 13/53
    50 | D        | Killed a destroyer
    50 | D        | Reached XP level 27. HP: 273/273 MP: 13/53
    52 | D        | Killed a destroyer
    53 | D        | Killed a large bag of meat
    54 | D        | Noticed an accursed
    54 | D        | Noticed a tyrant
    55 | D        | Killed a large bag of meat
    56 | D        | Noticed a tyrant
    56 | D        | Noticed a destroyer
    57 | D        | Killed a tyrant
    60 | D        | Noticed a dread
    62 | D        | Noticed a meat beast
    63 | D        | Killed a tyrant
    64 | D        | Noticed a meat beast
    65 | D        | Noticed a meat beast
    65 | D        | Noticed a dread
    65 | D        | Killed a meat beast
    66 | D        | Killed a destroyer
    67 | D        | Killed an accursed
    68 | D        | Killed a meat beast
    68 | D        | Killed a meat beast
    70 | D        | Noticed a destroyer
    73 | D        | Killed a dread
    73 | D        | Killed a dread
    73 | D        | Killed a destroyer
    77 | D        | Killed a destroyer
    79 | D        | Noticed a dread
    82 | D        | Noticed an accursed
    88 | D        | Noticed a meat beast
    88 | D        | Killed an accursed
    89 | D        | Noticed a tyrant
    90 | D        | Noticed a destroyer
    90 | D        | Noticed a meat beast
    92 | D        | Noticed a destroyer
    92 | D        | Killed a destroyer
    92 | D        | Killed a meat beast
    92 | D        | Killed a meat beast
    93 | D        | Killed a tyrant
    94 | D        | Noticed a meat beast
    94 | D        | Noticed a tyrant
    95 | D        | Noticed a tyrant
    96 | D        | Noticed a large bag of meat
    98 | D        | Noticed a tyrant
    98 | D        | Noticed a destroyer
    99 | D        | Noticed a dread
    99 | D        | Noticed a destroyer
    99 | D        | Killed a meat beast
    99 | D        | Killed a tyrant
   100 | D        | Noticed a large bag of meat
   102 | D        | Noticed an accursed
   102 | D        | Noticed a tyrant
   102 | D        | Killed a large bag of meat
   102 | D        | Killed a tyrant
   102 | D        | Killed a destroyer
   103 | D        | Killed a destroyer
   104 | D        | Killed a destroyer
   105 | D        | Noticed a tyrant
   105 | D        | Killed a dread
   107 | D        | Noticed a destroyer
   107 | D        | Killed a tyrant
   107 | D        | Killed a dread
   108 | D        | Killed a destroyer
   109 | D        | Noticed a destroyer
   109 | D        | Noticed a tyrant
   110 | D        | Killed a destroyer
   111 | D        | Killed a tyrant
   112 | D        | Killed a large bag of meat
   114 | D        | Killed an accursed
   118 | D        | Killed a tyrant
   120 | D        | Noticed a fleshlord
   120 | D        | Noticed a meat beast
   120 | D        | Killed a tyrant
   121 | D        | Noticed a dread
   122 | D        | Noticed a fleshlord
   122 | D        | Noticed a destroyer
   123 | D        | Killed a meat beast
   125 | D        | Noticed a fleshlord
   125 | D        | Killed a destroyer
   128 | D        | Killed a fleshlord
   130 | D        | Killed a fleshlord
   131 | D        | Killed a fleshlord
   132 | D        | Noticed a fleshlord
   132 | D        | Noticed a fleshlord
   132 | D        | Noticed an accursed
   132 | D        | Noticed a fleshlord
   133 | D        | Noticed The Captor
   135 | D        | Killed a fleshlord
   138 | D        | Killed a dread
   140 | D        | Noticed a tyrant
   141 | D        | Killed a fleshlord
   145 | D        | Noticed a destroyer
   145 | D        | Noticed The Meatlord
   146 | D        | Noticed a dread
   146 | D        | Noticed a fleshlord
   147 | D        | Noticed a fleshlord
   147 | D        | Noticed an accursed
   148 | D        | Noticed an accursed
   148 | D        | Killed a fleshlord
   149 | D        | Noticed an accursed
   150 | D        | Noticed a destroyer
   150 | D        | Noticed a destroyer
   150 | D        | Noticed a meat beast
   151 | D        | Noticed a destroyer
   152 | D        | Noticed a meat beast
   152 | D        | Noticed a meat beast
   153 | D        | Noticed a dread
   153 | D        | Killed a fleshlord
   153 | D        | Killed a destroyer
   154 | D        | Noticed a dread
   155 | D        | Noticed a fleshlord
   155 | D        | Noticed a fleshlord
   155 | D        | Killed a destroyer
   155 | D        | Killed from afar by The Meatlord

Skill      XL: |  1  2  3  4  5  6  7  8  9 10 11 12 13 14 15 16 17 18 19 20 21 22 23 |
---------------+----------------------------------------------------------------------+-----
Fighting       | 14 18 20 22 24 26 27 | 27.0
Axes           | 4 7 9 12 15 18 22 27 | 27.0
Throwing       | 4 5 6 18 24 27 | 27.0
Armour         | 4 6 7 8 9 10 13 25 27 | 27.0
Dodging        | 12 15 17 19 20 22 24 27 | 27.0
Unarmed Combat | 14 18 20 21 23 25 27 | 27.0
Spellcasting   | 13 16 18 19 20 22 23 27 | 27.0
Stealth        | 21 27 | 27.0
Invocations    | 19 26 27 | 27.0
Translocations | |  2.6

Action                   |  1- 3 |  4- 6 |  7- 9 | 10-12 | 13-15 | 16-18 | 19-21 | 22-24 | 25-27 || total
-------------------------+-------+-------+-------+-------+-------+-------+-------+-------+-------++-------
Melee: Executioner's axe |     1 |       |       |     1 |     2 |     3 |     7 |     8 |    77 ||    99
Invok: Greater Servant o |       |       |       |       |       |       |       |       |     6 ||     6
  Use: Potion            |       |       |       |       |       |       |       |       |     1 ||     1
Armor: Leather armour    |       |       |       |       |       |       |       |       |     2 ||     2
Dodge: Dodged            |       |       |       |       |     2 |       |       |       |    23 ||    25
